 Dungeon Crawl Stone Soup version 0.32-a0-886-g41c5271027 (webtiles) character file.

Game seed: 12000451164685829092

84 timneilson the Ruffian (level 4, -8/28 HPs)
             Began as an Octopode Shapeshifter on Apr 3, 2024.
             Killed from afar by an orc wizard (10 damage)
             ... with a magic dart
             ... on level 4 of the Dungeon.
             The game lasted 00:06:42 (2612 turns).

timneilson the Ruffian (Octopode Shapeshifter)      Turns: 2612, Time: 00:06:43

Health: -8/28      AC:  1    Str: 15    XL:     4   Next: 46%
Magic:  4/4        EV: 12    Int: 12    God:
Gold:   223        SH:  0    Dex: 11    Spells: 3/3 levels left

rFire   . .          .
                       - Unarmed
rCold   . . .        (no shield)
rNeg    . . .        (helmet currently unavailable)
rPois   .            (no amulet)
rElec   .            l - ring of resist corrosion
rCorr   +            (no ring)
SInv    .            (no ring)
Will    .....        (no ring)
Stlth   ++           (no ring)
HPRegen 0.24/turn    (no ring)
MPRegen 0.09/turn    (no ring)
                     (no ring)

%: no passive effects
@: confused, beast-form
A: beast (slay +2), almost no armour, amphibious, 8 rings, camouflage 1,
gelatinous body 1, (nimble swimmer 1), tentacles
a: Begin Untransformation


You were on level 4 of the Dungeon.
You were a hulking beast.
You visited 1 branch of the dungeon, and saw 4 of its levels.

You collected 223 gold pieces.

Inventory:

Missiles
 d - 8 poisoned darts (quivered)
Jewellery
 l - a ring of resist corrosion (left tentacle)
Talismans
 b - a beast talisman (active)
 c - a flux talisman
Wands
 n - a wand of acid (9)
Scrolls
 f - a scroll of teleportation
 i - a scroll of fear
Potions
 a - a potion of lignification
 e - a potion of berserk rage
 g - 2 potions of enlightenment
 h - a potion of might {unknown}
 k - 5 potions of curing
 m - 2 potions of cancellation


   Skills:
 + Level 1.6 Fighting
 * Level 2.8 Dodging
 + Level 1.5 Stealth
 * Level 3.6 Unarmed Combat
 + Level 0.2 Evocations
 * Level 3.5 Shapeshifting


You had 3 spell levels left.
You didn't know any spells.
Your spell library contained the following spells:

 Spells                   Type           Power      Damage    Failure   Level
 Sting                    Conj/Alch      0%         1d3       32%         1
 Mercury Vapours          Alch/Air       0%         N/A       45%         2
 Inner Flame              Hex/Fire       0%         N/A       69%         3
 Olgreb's Toxic Radiance  Alch           0%         N/A       97%         4
 Irradiate                Conj/Alch      0%         3d11      100%        5
 Ignition                 Fire           0%         3d3       100%        8


Dungeon Overview and Level Annotations

Branches:
Dungeon (4/15)
 Temple: D:4-7

Altars:

Annotations:
D:2 1 runed translucent door, Crazy Yiuf


Innate Abilities, Weirdness & Mutations

You are a hulking beast.
Your limbs bulge with bestial killing power. (Slay +2)
You cannot wear most types of armour.
You are amphibious.
You can wear up to eight rings at the same time.
Your skin changes colour to match your surroundings (Stealth+).
Your rubbery body absorbs attacks. (AC +1, EV +1)
((You are camouflaged when in or above water. (Stealth+)))
You have tentacles for arms and can constrict up to eight enemies at once.


Message History

You tentacle-slap the orc.
You kill the orc!
You hear some strange, mumbled words.
You are more confused.
You bump into the rock wall.
Something barely misses you.
You hear some strange, mumbled words.
Something tries to affect you, but you resist.
You closely miss something.
Your tentacle-slap misses something.
Something hits you. Something hits you.
You feel less confused.
You hear some strange, mumbled words.
You are confused.
You bump into the rock wall.
Something hits you. Something hits you.
You feel less confused. Something hits you but does no damage.
You miss something. Your squeeze misses something.
You completely miss something.
Your tentacle-slap misses something.
Your squeeze misses something. Something hits you.
You tentacle-slap something but do no damage.
Something hits you.
You barely miss something. Something hits you.
You miss something. Your squeeze misses something.
You hear some strange, mumbled words.
You are confused.
You miss something. Something hits you.
* * * LOW HITPOINT WARNING * * *
You bump into the rock wall.
Something completely misses you.
You bump into the rock wall.
Something hits you.
* * * LOW HITPOINT WARNING * * *
You bump into the rock wall.
Something hits you.
* * * LOW HITPOINT WARNING * * *
You bump into the rock wall.
You hear some strange, mumbled words.
A magic dart appears from out of thin air!
The magic dart hits you!
You die...

. .. ... .[..
..... ####......
####.<....#
#.{h.######
#######.####
##...##...####
##.$).........#
#....)...........
#................
#.............###
##............#
##..........##


There were no monsters in sight!

Vanquished Creatures
  An adder (D:3)
  2 dart slugs (D:1)
  2 ribbon worms
  4 orcs
  5 ball pythons
  7 bats
  5 endoplasms
  2 hobgoblins
  12 jackals
  3 frilled lizards
  4 goblins
  6 kobolds
  5 rats
58 creatures vanquished.

Notes
Turn   | Place    | Note
-------+----------+-------------------------------------------
     0 | D:1      | timneilson the Octopode Shapeshifter began the quest for
                  | the Orb.
     0 | D:1      | Reached XP level 1. HP: 13/13 MP: 1/1
   340 | D:1      | Found a faded altar of an unknown god.
   396 | D:1      | Reached XP level 2. HP: 18/18 MP: 2/2
   883 | D:1      | Reached XP level 3. HP: 18/23 MP: 3/3
  1144 | D:2      | Reached skill level 1 in Stealth
  1171 | D:2      | Found a runed translucent door.
  1172 | D:2      | Noticed Crazy Yiuf
  1302 | D:2      | Identified the +8 spear "Raisin" {heavy, rPois rC+ Dex+3}
  2012 | D:3      | Reached XP level 4. HP: 24/28 MP: 4/4
  2545 | D:4      | Noticed an ogre
  2612 | D:4      | Killed from afar by an orc wizard

Illustrated notes

Levels and vault maps discovered:
D:1:      scummos_arrival_simple_fountains, layout_basic,
          hellmonk_ecumenical_altar_pennies_from_heaven
D:2:      layout_basic, minmay_tetromino_s4, uniq_crazy_yiuf_cottage
D:3:      minmay_angry_zag, layout_loops_ring
D:4:      layout_rooms, minmay_goblin_kobold_house

Skill      XL: |  1  2  3 |
---------------+----------+-----
Stealth        | 1 |  1.5
Fighting       | |  1.6
Dodging        | |  2.8
Unarmed Combat | |  3.6
Evocations     | |  0.2
Shapeshifting  | |  3.5

Action                     |  1- 3 |  4- 6 || total
---------------------------+-------+-------++-------
  Melee: Unarmed           |    80 |    28 ||   108
         Constrict         |    18 |     3 ||    21
         Tentacles         |    13 |     3 ||    16
         Punch             |     5 |       ||     5
    Use: Scroll            |     4 |     6 ||    10
   Stab: Sleeping          |    14 |     3 ||    17
 Armour: Skin              |    43 |    17 ||    60
  Dodge: Dodged            |    55 |    14 ||    69

Table legend: (Time is in decaauts)
 A = Elapsed time spent in this place.
 B = Non-inter-level travel time spent in this place.
 C = Inter-level travel time spent in this place.
 D = Time resting spent in this place.
 E = Time spent auto-exploring this place.
 F = Levels seen in this place.
 G = Mean time per level.
                   A        B        C        D        E       F      G
               +--------+--------+--------+--------+--------+-----+--------+
         Total |   2604 |   2512 |     92 |      0 |   2032 |   4 |  651.0 |
       Dungeon |   2604 |   2512 |     92 |      0 |   2032 |   4 |  651.0 |
               +--------+--------+--------+--------+--------+-----+--------+

Top non-repeatable levels by time:
     D:1: 967 daAuts
     D:2: 939 daAuts
     D:3: 660 daAuts
     D:4: 36 daAuts
